 Dungeon Crawl Stone Soup version 0.32-a0-913-g739538afd8 (webtiles) character file.

Game seed: 17052924736219113025

45 ezpacito the Trooper (level 3, -1/29 HPs)
             Began as a Coglin Chaos Knight on Apr 10, 2024.
             Was a Plaything of Xom.
             Slain by an entropy weaver (6 damage)
             ... on level 3 of the Dungeon.
             The game lasted 00:02:36 (1477 turns).

ezpacito the Trooper (Coglin Chaos Knight)          Turns: 1477, Time: 00:02:37

Health: -1/29      AC: -6    Str: 14    XL:     3   Next: 64%
Magic:  3/3        EV: 10    Int: 11    God:    Xom [..*...]
Gold:   36         SH:  0    Dex: 13    Spells: 2/2 levels left

rFire   . . .        a - +0 hand axe (chaos) {Xiloxoch}
rCold   . . .        j - +0 spear {Navbir}
rNeg    . . .        b - +2 leather armour
rPois   .            (no helmet)
rElec   .            (no cloak)
rCorr   .            (no gloves)
SInv    .            (no boots)
Will    .....        (amulet unavailable)
Stlth   +            (ring unavailable)
HPRegen 0.24/turn    (ring unavailable)
MPRegen 0.08/turn    (no gizmo)

%: no passive effects
@: corroded, revving
A: off-hand wielding, slow wielding, warmup strikes, no jewellery, deterioration
1, persistent drain
a: Invent Gizmo, Renounce Religion


You were on level 3 of the Dungeon.
You worshipped Xom.
You were a toy of Xom.
You visited 1 branch of the dungeon, and saw 3 of its levels.

You collected 96 gold pieces.
You spent 60 gold pieces at shops.

Inventory:

Hand Weapons
 a - a +0 hand axe of chaos (weapon) {Xiloxoch}
 j - a +0 spear (offhand) {Navbir}
Armour
 b - a +2 leather armour (worn)
Talismans
 d - a beast talisman
 o - a serpent talisman
Scrolls
 e - 3 scrolls of poison
 k - a scroll of immolation {unknown}
 m - a scroll of noise {unknown}
 n - a scroll of teleportation {unknown}
Potions
 h - a potion of mutation
 l - a potion of heal wounds
 p - a potion of enlightenment
 q - a potion of curing


   Skills:
 * Level 3.4 Fighting
 * Level 3.2(3.3) Axes
 * Level 0.9(2.0) Polearms
 * Level 2.2 Armour
 * Level 1.1 Dodging
 + Level 0.3 Stealth
 + Level 0.3 Spellcasting


You had 2 spell levels left.
You didn't know any spells.
Your spell library contained the following spells:

 Spells                   Type           Power      Damage    Failure   Level
 Hailstorm                Conj/Ice       0%         3d5       78%         3
 Summon Ice Beast         Ice/Summ       0%         N/A       78%         3
 Permafrost Eruption      Ice/Erth       0%         2x4d1     100%        6
 Sculpt Simulacrum        Ice/Alch       0%         N/A       100%        6


Dungeon Overview and Level Annotations

Branches:
Dungeon (3/15)

Altars:

Shops:
D:2 (*!(


Innate Abilities, Weirdness & Mutations

You can wield a second weapon in your off-hand.
It takes a long time for you to wield or remove held weapons.
Your first few attacks do less damage.
You cannot equip rings or amulets.
Your body sometimes deteriorates upon taking damage.
Your health recovers twice as slowly from being drained.


Message History

Your butterfly disappears in a burst of colours!
As you read the scroll of fear, it crumbles to dust.
You assume a fearsome visage.
The entropy weaver resists with almost no effort.
The frilled lizard looks frightened!
The orc looks frightened!
The frilled lizard bites your butterfly.
Your butterfly dies!
Your butterfly disappears in a burst of colours!
You swap places.
The entropy weaver hits your butterfly!
Your butterfly dies!
Your butterfly disappears in a burst of colours!
Things that are here:
4 stones; a +0 dagger You swap places.
There is an open door here.
You swap places.
As you read the scroll of fear, it crumbles to dust.
You assume a fearsome visage.
The entropy weaver resists with almost no effort.
The entropy weaver hits your butterfly!
Your butterfly dies!
Your butterfly disappears in a burst of colours!
Okay, then.
Press: ? - help, v - describe, . - travel, g - get item
Here: an entropy weaver
Items here: 4 stones; a +0 dagger.
The floor.
The entropy weaver closely misses you. The entropy weaver hits you!
Ouch! That really hurt!
The entropy weaver closely misses you. The entropy weaver hits you.
* * * LOW HITPOINT WARNING * * *
There is an open door, spattered with blood here.
You take 22 damage, and have 7/29 hp.
MASSIVE DAMAGE!!
You barely miss the entropy weaver with your +0 spear.
You hit the entropy weaver but do no damage.
The entropy weaver hits you.
* * * LOW HITPOINT WARNING * * *
The entropy weaver hits you.
You die...
Xom titters!

##+# #.# ####### #.#
#...... # ####
##.###.##### #!:
+#..####...##.#####
.b...##bb..#.......>.....
.....B'bb.b###...##.##...
.bß.ol##Bb## ##.###.##...
....b ##@## #.# #.#####
.... ##b.## #.# #......
#$? ##.bbb# #.# #######
#####'b..b# #.#######
##..##.b## #.......#
+..).#### #.#####.#
#....##### #.#####.###
##..##...# #.........#
##'#....# #.###......


You could see an entropy weaver.

Vanquished Creatures
  2 dart slugs
  A ribbon worm (D:2)
  An orc (D:3)
  4 bats
  6 endoplasms
  A giant cockroach (D:1)
  2 goblins
  3 hobgoblins
  A quokka (D:1)
  4 ball pythons
  A frilled lizard (D:1)
  6 kobolds
  5 rats
37 creatures vanquished.

Notes
Turn   | Place    | Note
-------+----------+-------------------------------------------
     0 | D:1      | ezpacito the Coglin Chaos Knight began the quest for the
                  | Orb.
     0 | D:1      | Reached XP level 1. HP: 18/18 MP: 1/1
    30 | D:1      | Reached skill level 1 in Dodging
    48 | D:1      | XOM: divination: detect creatures
    56 | D:1      | XOM: silly message
   167 | D:1      | Reached XP level 2. HP: 23/24 MP: 2/2
   256 | D:1      | XOM: divination: detect items
   581 | D:2      | Found Sitanupn's Antique Weapon Boutique.
   654 | D:2      | Found Jajoyn's Weapon Boutique.
   685 | D:2      | Reached XP level 3. HP: 29/29 MP: 3/3
   778 | D:2      | XOM: give mutations
   778 | D:2      | Gained mutation: Your body sometimes deteriorates upon
                  | taking damage. [Xom's mischief]
   778 | D:2      | Gained mutation: Your health recovers twice as slowly from
                  | being drained. [Xom's mischief]
   898 | D:2      | Found a faded altar of an unknown god.
   975 | D:2      | Found Jianit's Distillery.
   983 | D:2      | Bought a potion of degeneration for 10 gold pieces
   992 | D:2      | Bought a potion of heal wounds for 50 gold pieces
  1253 | D:2      | Found Cuvaith's Assorted Antiques.
  1462 | D:3      | a rat changed into an entropy weaver
  1462 | D:3      | Noticed an entropy weaver
  1462 | D:3      | XOM: polymorph rat -> entropy weaver
  1477 | D:3      | Slain by an entropy weaver

Illustrated notes

Levels and vault maps discovered:
D:1:      amcnicky_arrival_choice, layout_basic, serial_aquarium,
          aquarium_bridge_long_joined [aquarium_subvault_window,
          aquarium_subvault_bridge, aquarium_subvault_balcony,
          aquarium_subvault_wall, aquarium_subvault_window,
          aquarium_subvault_window], aquarium_bridge_square
          [aquarium_subvault_window, aquarium_subvault_bridge,
          aquarium_subvault_window, aquarium_subvault_bridge],
          aquarium_window_1, aquarium_window_2, aquarium_view_2c,
          aquarium_balcony_double_2, aquarium_pool_2
D:2:      layout_basic, serial_shops, nicolae_shop_hallway_plus, shop,
          nicolae_shop_industrial_runoff, shop_fountains,
          shapermc_ecumenical_altar_totnotflames, minmay_quadrilaterals
D:3:      minmay_bubble_buster, layout_loops_corners, grunt_ministairs_1

Skill      XL: |  1  2 |
---------------+-------+-----
Dodging        | 1 |  1.1
Armour         | 2 |  2.2
Fighting       | |  3.4
Axes           | |  3.2
Polearms       | |  0.9
Stealth        | |  0.3
Spellcasting   | |  0.3

Action                     || total
---------------------------++-------
  Melee: Dagger            ||    36
         Hand axe          ||    59
         Spear             ||    31
    Use: Scroll            ||     8
   Stab: Sleeping          ||     1
 Armour: Leather armour    ||    33
  Dodge: Dodged            ||    38

Table legend: (Time is in decaauts)
 A = Elapsed time spent in this place.
 B = Non-inter-level travel time spent in this place.
 C = Inter-level travel time spent in this place.
 D = Time resting spent in this place.
 E = Time spent auto-exploring this place.
 F = Levels seen in this place.
 G = Mean time per level.
                   A        B        C        D        E       F      G
               +--------+--------+--------+--------+--------+-----+--------+
         Total |   1484 |   1454 |     30 |      0 |   1200 |   3 |  494.7 |
       Dungeon |   1484 |   1454 |     30 |      0 |   1200 |   3 |  494.7 |
               +--------+--------+--------+--------+--------+-----+--------+

Top non-repeatable levels by time:
     D:2: 741 daAuts
     D:1: 562 daAuts
     D:3: 180 daAuts
